 Dungeon Crawl Stone Soup version 0.19.5 (webtiles) character file.

186 LORDOFBUTT the Shield-Bearer (level 5, -8/42 HPs)
             Began as a Formicid Fighter on Mar 10, 2017.
             Mangled by an ogre
             ... wielding a +0 giant club
              (14 damage)
             ... on level 4 of the Dungeon on Mar 11, 2017.
             The game lasted 00:03:51 (2821 turns).

LORDOFBUTT the Shield-Bearer (Formicid Fighter)     Turns: 2821, Time: 00:03:51

Health: -8/42      AC:  8    Str: 26    XL:     5   Next: 97%
Magic:  5/5        EV:  8    Int:  7    God:
Gold:   234        SH: 10    Dex: 11    Spells: 0 memorised, 4 levels left

rFire  . . .     SeeInvis +     a - +0 war axe
rCold  . . .     Gourm    .     b - +0 scale mail
rNeg   . . .     Faith    .     c - +0 shield
rPois  .         Spirit   .     (helmet unavailable)
rElec  .         Reflect  .     p - +0 cloak
rCorr  .         Harm     .     (no gloves)
MR     .....                    (no boots)
Stlth  ..........               (no amulet)
                                (no ring)
                                (no ring)

@: mighty
A: permanent stasis, dig shafts and tunnels, four strong arms, antennae 3
a: Dig, Shaft Self


You were on level 4 of the Dungeon.
You were hungry.

You visited 1 branch of the dungeon, and saw 4 of its levels.

You collected 234 gold pieces.

Inventory:

Hand Weapons
 a - a +0 war axe (weapon)
Armour
 b - a +0 scale mail (worn)
 c - a +0 shield (worn)
 p - a +0 cloak (worn)
Jewellery
 i - an uncursed amulet of regeneration {unknown}
 o - a cursed ring of loudness {unknown}
Scrolls
 e - 9 scrolls of identify {unknown}
 h - a scroll of fear {unknown}
 j - a scroll of random uselessness {unknown}
 l - a scroll of magic mapping {unknown}
 m - 5 scrolls of remove curse {unknown}
 n - a scroll of teleportation {unknown}
 q - a scroll of enchant armour {unknown}
 t - a scroll of immolation {unknown}
 y - a scroll of enchant weapon {unknown}
Potions
 d - 2 potions of might
 k - 2 potions of heal wounds {unknown}
 r - a potion of resistance {unknown}
 s - a potion of cure mutation {unknown}
 v - a potion of flight {unknown}
 x - a potion of curing {unknown}
Comestibles
 f - 2 bread rations
 g - 2 beef jerkies
 u - a slice of pizza
 w - a chunk of flesh


   Skills:
 + Level 4.1 Fighting
 + Level 3.7 Axes
 + Level 4.1 Armour
 + Level 0.5 Dodging
 + Level 4.7 Shields


You had 4 spell levels left.
You didn't know any spells.

Dungeon Overview and Level Annotations

Branches:
Dungeon (4/15)
 Temple: D:4-7

Altars:
Kikubaaqudgha
Yredelemnul


Innate Abilities, Weirdness & Mutations

You are under a permanent stasis effect.
You can dig through walls and to a lower floor.
Your four strong arms can wield two-handed weapons with a shield.
You have a pair of large antennae on your head. (SInv)


Message History

You block the ogre's attack.
You hit the ogre.
The ogre is moderately wounded.
You are feeling hungry.
The ogre completely misses you.
You barely miss the ogre.
The ogre is moderately wounded.
The ogre hits you with a giant club!!
Ouch! That really hurt!
* * * LOW HITPOINT WARNING * * *
The ogre closely misses you.
You are too injured to fight recklessly!
You feel very mighty all of a sudden.
You slash the ogre!
The ogre is heavily wounded.
You block the ogre's attack.
You slash the ogre!
The ogre is almost dead.
The ogre hits you with a giant club!
You die...

#.#############
#.# #.# #.# #.#
#.# #####
#.#### #...##
#....# #.....
####@# #...##
#O# ### ##.##
#w#
##.#####.###
#.#
#.#.........
#.#
##..########
#.# #..# #.#
#..# #.# #..#
##.######<.#


You could see an ogre and a worm.

Vanquished Creatures
  A jelly (D:3)
  Jessica (D:3)
  7 adders
  2 worms
  3 dart slugs (D:1)
  A leopard gecko (D:1)
  4 giant cockroaches
  7 goblins
  5 hobgoblins
  2 jackals (D:1)
  4 kobolds
  A ball python (D:2)
  8 bats
  2 frilled lizards
  10 rats
58 creatures vanquished.

Notes
Turn   | Place    | Note
-------+----------+-------------------------------------------
     0 | D:1      | LORDOFBUTT the Formicid Fighter began the quest for the Orb.
     0 | D:1      | Reached XP level 1. HP: 18/18 MP: 1/1
    44 | D:1      | Reached XP level 2. HP: 24/24 MP: 2/2
   383 | D:1      | Reached XP level 3. HP: 30/30 MP: 3/3
  1002 | D:2      | Reached XP level 4. HP: 30/37 MP: 4/4
  1727 | D:3      | Reached XP level 5. HP: 17/42 MP: 5/5
  1846 | D:3      | Noticed Jessica
  1854 | D:3      | Killed Jessica
  1971 | D:3      | Found an ancient bone altar of Kikubaaqudgha.
  2403 | D:3      | Found a basalt altar of Yredelemnul.
  2809 | D:4      | Noticed an ogre
  2821 | D:4      | Mangled by an ogre

Skill      XL: |  1  2  3  4  5 |
---------------+----------------+-----
Shields        | 4 |  4.7
Fighting       | 4 |  4.1
Axes           | 3 |  3.7
Armour         | 4 |  4.1
Dodging        | |  0.5

Action                   |  1- 3 |  4- 6 || total
-------------------------+-------+-------++-------
Melee: War axe           |   103 |   123 ||   226
  Use: Potion            |       |     1 ||     1
  Eat: Chunk             |       |     6 ||     6
Armor: Scale mail        |    45 |    40 ||    85
Dodge: Dodged            |    32 |    41 ||    73
Block: Shield            |    55 |    72 ||   127
